 Dungeon Crawl Stone Soup version 0.29.1-2-gbd0b4ee654 (webtiles) character file.

Game seed: 14918065767323246473

2497 GorkyZ the Covered (level 9, -3/55 HPs)
             Began as a Gargoyle Fighter on Nov 26, 2022.
             Was an Initiate of Gozag.
             Slain by an orc warrior
             ... wielding a +0 broad axe
              (6 damage)
             ... in a bailey.
             The game lasted 00:21:41 (8201 turns).

GorkyZ the Covered (Gargoyle Fighter)               Turns: 8201, Time: 00:21:42

Health: -3/55      AC: 21    Str: 25    XL:     9   Next: 52%
Magic:  9/9        EV:  7    Int:  8    God:    Gozag
Gold:   869        SH:  5    Dex:  4    Spells: 8/8 levels left

rFire   . . .      SeeInvis .   s - +8 hammer of Okawaru's Hope {drain, +Blink rElec Dex-5 Stlth+}
rCold   . . .      Faith    .   c - +1 buckler
rNeg    + . .      Spirit   .   v - +1 plate armour
rPois   ∞          Reflect  .   (no helmet)
rElec   +          Harm     .   (no cloak)
rCorr   .          Rampage  .   w - +0 pair of gloves
Will    .....                   (no boots)
Stlth   ..........              (no amulet)
HPRegen 0.18/turn               (no ring)
MPRegen 0.11/turn               (no ring)

@: no status effects
A: sickness immunity, AC +6, negative energy resistance 1, electricity
resistance, torment resistance 1, petrification resistance
a: Renounce Religion, Evoke Blink, Potion Petition, Call Merchant, Bribe Branch


You were in a bailey.
You worshipped Gozag.
Gozag was pleased with you.
You visited 1 branch of the dungeon, and saw 7 of its levels.
You also visited: Bailey.

You collected 1161 gold pieces.
You spent 231 gold pieces at shops.
You paid 61 gold pieces to Gozag.

Inventory:

Hand Weapons
 a - a +1 war axe
 j - a +0 vampiric dagger
 s - the +8 hammer of Okawaru's Hope (weapon) {drain, +Blink rElec Dex-5 Stlth+}
   (You found it on level 3 of the Dungeon)

   A truly terrible weapon, it drains the life of any living foe it strikes.
   Dex:       It affects your dexterity (-5).
   rElec:     It insulates you from electricity.
   +Blink:    It lets you blink.
   Stlth:     It makes you more stealthy.
 u - the +4 hammer "Ymyhaoh" {flame, Dex+2}
   (You found it on level 3 of the Dungeon)

   It burns those it strikes, dealing additional fire damage.
   Dex:       It affects your dexterity (+2).
Missiles
 i - a throwing net (quivered)
 k - 5 poisoned darts
 n - 11 boomerangs
Armour
 b - a +0 scale mail
 c - a +1 buckler (worn)
 v - a +1 plate armour (worn)
 w - a +0 pair of gloves (worn)
Jewellery
 e - a ring of magical power
 m - a ring of resist corrosion
 y - a ring of positive energy
Wands
 f - a wand of light (11)
 p - a wand of flame (11)
Scrolls
 g - a scroll of identify
 h - 2 scrolls of magic mapping
 o - 2 scrolls of enchant weapon
 r - a scroll of noise
Potions
 d - 2 potions of might
 q - 2 potions of mutation
 t - a potion of flight
 x - a potion of cancellation


   Skills:
 + Level 6.1 Fighting
 - Level 2.3(3.4) Axes
 + Level 4.1(4.5) Maces & Flails
 + Level 4.0 Throwing
 + Level 6.3 Armour
 + Level 3.6 Dodging
 + Level 6.1 Shields
 + Level 4.0 Evocations


You had 8 spell levels left.
You didn't know any spells.
Your spell library contained the following spells:

 Spells                   Type           Power      Damage    Failure   Level
 Sandblast                Erth           0%         2d4       100%        1
 Passwall                 Tmut/Erth      0%         N/A       100%        2
 Stone Arrow              Conj/Erth      0%         3d7       100%        3
 Petrify                  Tmut/Erth      0%         N/A       100%        4
 Irradiate                Conj/Tmut      0%         3d11      100%        5
 Sublimation of Blood     Necr           Unusable   N/A       N/A         2

Dungeon Overview and Level Annotations

Branches:
Dungeon (7/15)             Temple (0/1) D:6          Bailey (1/1)

Altars:
Gozag
Nemelex Xobeh
Vehumet
Wu Jian
Zin
The Shining One

Shops:
D:3 =*!!(

Annotations:
D:3 1 runed translucent door, Crazy Yiuf
D:4 Dowan, Duvessa, Sigmund


Innate Abilities, Weirdness & Mutations

You are immune to sickness and miasma.
Your stone body is resilient. (AC +6)
You are immune to poison.
You resist negative energy. (rN+)
You are resistant to electric shocks. (rElec)
You are resistant to unholy torment.
You are immune to petrification.


Message History

The orc warrior barely misses you.
The orc warrior hits you but does no damage.
You hear a shout!
The goblin attacks as you move away! You block the goblin's attack.
You hear a shout! x2
The orc is no longer distracted by gold.
The orc warrior attacks as you move away!
The orc warrior hits you with a +0 broad axe!
The orc warrior attacks as you move away!
The orc warrior hits you but does no damage.
The orc is no longer distracted by gold.
The orc warrior attacks as you move away!
The orc warrior hits you with a +0 war axe!
The orc warrior hits you with a +0 broad axe.
* * * LOW HITPOINT WARNING * * *
The orc warrior attacks as you move away!
You block the orc warrior's attack.
The orc warrior attacks as you move away!
The orc warrior hits you with a +0 war axe!
* * * LOW HITPOINT WARNING * * *
The goblin attacks as you move away! You block the goblin's attack.
The orc attacks as you move away! The orc hits you but does no damage.
The orc warrior attacks as you move away!
The orc warrior barely misses you.
The orc warrior attacks as you move away!
The orc warrior barely misses you.
The orc warrior attacks as you move away!
The orc warrior barely misses you.
Okay, then.
As you read the scroll labelled HAPTIS HYO, it crumbles to dust.
It is a scroll of enchant weapon.
Your +0 war axe glows red for a moment.
The orc warrior hits you but does no damage. x2
The orc hits you but does no damage.
The orc warrior attacks as you move away!
The orc warrior closely misses you.
The orc warrior attacks as you move away!
The orc warrior hits you with a +0 broad axe.
You die...
Your body crumbles into a pile of gold. ##.....##.........## #######....)⌠.....# $$ $$##.........## $$$$$

#.........#
##.......##
#...)...#
##.....##
####)##
##...@.##
#..oooo.#
##....g..##
#.........#
##..o......##
#.....⌠.....#
##..g......##
#...$.....#
##.$.....##


You could see 3 orc warriors, 2 orcs and 2 goblins.

Vanquished Creatures
  An orc knight (Bailey)
  Edmund (D:4)
  A water moccasin (D:5)
  2 ice beasts
  4 orc warriors
  2 ogres
  2 phantoms
  A bullfrog (D:6)
  6 scorpions
  3 hounds
  A gnoll bouda (D:5)
  Natasha (thrice) (D:3)
  2 orc wizards (D:6)
  2 iguanas
  10 gnolls
  6 adders
  A white imp (D:6)
  3 worms
  A dart slug (D:4)
  15 orcs
  6 ball pythons
  5 endoplasms
  A giant cockroach (D:3)
  14 goblins
  7 hobgoblins
  4 jackals (D:2)
  4 kobolds
  4 quokkas
  5 bats
  A frilled lizard (D:3)
  23 rats
141 creatures vanquished.

Vanquished Creatures (others)
  An orc wizard (D:6)
  2 toadstools (D:2)
3 creatures vanquished.

Grand Total: 144 creatures vanquished

Notes
Turn   | Place    | Note
-------+----------+-------------------------------------------
     0 | D:1      | GorkyZ the Gargoyle Fighter began the quest for the Orb.
     0 | D:1      | Reached XP level 1. HP: 14/14 MP: 1/1
   273 | D:1      | Reached XP level 2. HP: 16/19 MP: 2/2
   405 | D:1      | Found a faded altar of an unknown god.
  1376 | D:2      | Reached XP level 3. HP: 18/23 MP: 3/3
  1707 | D:2      | Found an opulent altar of Gozag.
  1716 | D:2      | Became a worshipper of Gozag Ym Sagoz the Greedy
  2432 | D:3      | Noticed Natasha
  2733 | D:3      | Killed Natasha
  2734 | D:3      | Reached skill level 1 in Throwing
  2734 | D:3      | Reached skill level 1 in Evocations
  2734 | D:3      | Reached XP level 4. HP: 20/29 MP: 4/4
  2932 | D:3      | Found Leruerph's Distillery.
  2936 | D:3      | Noticed Natasha
  2946 | D:3      | Killed Natasha
  2947 | D:3      | Reached skill level 1 in Dodging
  3105 | D:3      | Bought a potion of heal wounds for 55 gold pieces
  3105 | D:3      | Bought a potion of mutation for 88 gold pieces
  3105 | D:3      | Bought a potion of mutation for 88 gold pieces
  3123 | D:3      | Found Fuorphuj's Distillery.
  3166 | D:3      | Found Soschiach's Antique Weapon Shoppe.
  3210 | D:3      | Noticed Natasha
  3228 | D:3      | Killed Natasha
  3229 | D:3      | Reached XP level 5. HP: 20/33 MP: 5/5
  3351 | D:3      | Found an ornate altar of the Wu Jian Council.
  3501 | D:3      | Identified the +8 hammer of Okawaru's Hope {drain, +Blink
                  | rElec Dex-5 Stlth+}
  3504 | D:3      | Identified the +4 hammer "Ymyhaoh" {flame, Dex+2}
  3511 | D:3      | Found a runed translucent door.
  3512 | D:3      | Noticed Crazy Yiuf
  3604 | D:3      | Found Noci's General Store.
  3732 | D:3      | Found Ereoku's Jewellery Shop.
  4423 | D:4      | Found a radiant altar of Vehumet.
  4424 | D:4      | Noticed an ice beast
  4429 | D:4      | Killed an ice beast
  4430 | D:4      | Reached skill level 1 in Maces & Flails
  4430 | D:4      | Reached XP level 6. HP: 28/38 MP: 6/6
  4644 | D:4      | Noticed Sigmund
  4795 | D:4      | Noticed Edmund
  4811 | D:4      | Killed Edmund
  5141 | D:4      | Noticed Duvessa
  5141 | D:4      | Noticed Dowan
  5165 | D:5      | Entered Level 5 of the Dungeon
  5183 | D:5      | Reached XP level 7. HP: 40/44 MP: 7/7
  5525 | D:5      | Found a glowing silver altar of Zin.
  5636 | D:5      | Found a sparkling altar of Nemelex Xobeh.
  5729 | D:5      | Reached skill level 5 in Armour
  5729 | D:5      | Reached XP level 8. HP: 12/48 MP: 8/8
  6012 | D:5      | Reached skill level 5 in Fighting
  6101 | D:5      | Reached skill level 5 in Shields
  6828 | D:6      | Found a glowing golden altar of the Shining One.
  7161 | D:6      | Found a staircase to the Ecumenical Temple.
  7213 | D:6      | Reached XP level 9. HP: 54/54 MP: 9/9
  7864 | D:7      | Found a flagged portal.
  7894 | Bailey   | Entered a bailey
  7994 | Bailey   | Noticed an orc knight
  8064 | Bailey   | Killed an orc knight
  8196 | Bailey   | HP: 2/55 [orc warrior/+0 war axe (13)]
  8201 | Bailey   | Slain by an orc warrior

Illustrated notes

Levels and vault maps discovered:
D:1:      minmay_arrival_up_and_down, layout_loops_corners,
          ebering_ecumenical_altar_rust
D:2:      layout_basic, basic_altar, minmay_gold_behind_fungi, minmay_rat_hole
D:3:      layout_loops_corners, general_overflow_altar, serial_shops, shop,
          shop, nicolae_shop_crystal, nicolae_shop_trees,
          nicolae_shop_hallway_stairs, st_stairs_14, uniq_natasha,
          uniq_crazy_yiuf_cottage
D:4:      layout_basic, nicolae_vehumet_altar_sigil, serial_shops,
          nicolae_shop_statue_plus, uniq_sigmund, uniq_duvessa, uniq_edmund
D:5:      layout_gridville, mainiacjoe_overflow_small_starburst,
          mainiacjoe_overflow_tiny_flanked
D:6:      layout_basic, amcnicky_altar_gilded, minmay_temple_entry_hall
D:7:      layout_cave_pools, trog_butcher_becter, enter_bailey_5,
          minmay_hedge_maze
Bailey:   bailey_axe_minmay_hex_keep, bailey

Skill      XL: |  1  2  3  4  5  6  7  8  9 |
---------------+----------------------------+-----
Axes           | 2 |  2.3
Throwing       | 1 2 3 4 |  4.0
Evocations     | 1 2 3 4 |  4.0
Dodging        | 1 2 3 |  3.6
Armour         | 4 5 6 |  6.3
Fighting       | 4 5 6 |  6.1
Maces & Flails | 1 2 3 4 |  4.1
Shields        | 4 5 6 |  6.1

Action                   |  1- 3 |  4- 6 |  7- 9 || total
-------------------------+-------+-------+-------++-------
Melee: War axe           |    47 |    37 |       ||    84
       Dagger            |   356 |       |       ||   356
       Mace              |       |    57 |   222 ||   279
Throw: Dart              |       |     2 |       ||     2
  Use: Scroll            |     4 |     1 |     9 ||    14
       Potion            |       |     1 |     2 ||     3
 Stab: Distracted        |       |     1 |       ||     1
Armor: Scale mail        |   222 |    43 |     2 ||   267
       Plate armour      |       |       |   168 ||   168
Dodge: Dodged            |   190 |    36 |    85 ||   311
Block: Buckler           |   112 |    21 |    66 ||   199
